AoeStats
← Mrcy

Arabia

509363135Analyzed
1v1 RM · 6d ago on Sep 26, 2026· 52m 43s· 2 players
Game mode
Random Map
Map size
Tiny (2 player)
Population
200
Speed
Normal
Resources
Standard
Victory
Conquest
Starting age
Dark Age
Ending age
Imperial Age
RankedLock teamsTeams togetherTeam positionsShared explorationLock speedFull tech treeHidden civsTurbo modeCheats
Victory
Defeat
🇺🇸 Japanese · United States
1117
+17
🇳🇱 Saxons · Netherlands
1146
-17
KING SHADOW
6:59 Loom
9:15 Feudal Age
10:09 Double-Bit Axe
10:13 Man-at-Arms
21:28 Castle Age
19:42 Bloodlines
23:23 Scale Barding Armor
28:36 Fletching
28:47 Scale Mail Armor
29:30 Long Swordsman
30:11 Squires
30:29 Chain Mail Armor
30:25 Forging
32:24 Bow Saw
37:54 Horse Collar
44:35 Imperial Age
46:30 Wheelbarrow
49:50 Plate Mail Armor
49:55 Iron Casting
Mrcy
9:59 Feudal Age
8:14 Loom
10:03 Man-at-Arms
12:45 Scale Mail Armor
12:56 Forging
15:42 Double-Bit Axe
16:00 Horse Collar
23:41 Castle Age
22:37 Fletching
24:07 Pikeman
30:06 Squires
30:59 Chain Mail Armor
32:29 Crossbowman
36:01 Bodkin Arrow
46:00 Wheelbarrow
Connection lost

Rejoining the realm…

Still unreachable

The connection could not be restored.

Session expired

The server has moved on; the page needs a fresh start.